 Dungeon Crawl Stone Soup version 0.21.1-1-g345015f (webtiles) character file.

151 Fang the Skirmisher (level 5, -8/33 HPs)
             Began as a Gargoyle Berserker on June 4, 2018.
             Was a Believer of Trog.
             Mangled by an ogre
             ... wielding a cursed +0 giant spiked club
              (18 damage)
             ... on level 4 of the Dungeon.
             The game lasted 00:02:36 (2688 turns).

Fang the Skirmisher (Gargoyle Berserker)            Turns: 2688, Time: 00:02:37

Health: -8/33      AC:  6    Str: 22    XL:     5   Next: 33%
Magic:  5/5        EV: 12    Int:  7    God:    Trog [**....]
Gold:   226        SH:  0    Dex:  9    Spells: 4/4 levels left

rFire    . . .     SeeInvis .   m - +0 hand axe (distort)
rCold    . . .     Gourm    .   (no shield)
rNeg     + . .     Faith    .   b - +0 animal skin
rPois    ∞         Spirit   .   (no helmet)
rElec    +         Reflect  .   (no cloak)
rCorr    .         Harm     .   (no gloves)
MR       .....                  (no boots)
Stlth    ++........             (no amulet)
HPRegen  0.11/turn              (no ring)
MPRegen  0.09/turn              (no ring)

@: berserk cooldown, slowed, very slow
A: negative energy resistance 1, electricity resistance, unbreathing,
petrification resistance, rot immunity, AC +4
a: Berserk, Trog's Hand, Burn Spellbooks, Renounce Religion


You were on level 4 of the Dungeon.
You worshipped Trog.
Trog was pleased with you.
You were very hungry.

You visited 1 branch of the dungeon, and saw 4 of its levels.

You collected 226 gold pieces.

Inventory:

Hand Weapons
 a - a +0 hand axe
 m - a +0 hand axe of distortion (weapon)
Armour
 b - a +0 animal skin (worn)
Jewellery
 l - an uncursed ring of protection from fire {unknown}
Scrolls
 d - 2 scrolls of magic mapping {unknown}
 e - a scroll of blinking {unknown}
 f - 2 scrolls of enchant armour {unknown}
 g - 2 scrolls of immolation {unknown}
 h - 5 scrolls of teleportation {unknown}
 i - a scroll of fear {unknown}
 j - 2 scrolls of identify {unknown}
 k - a scroll of enchant weapon {unknown}
 n - 5 scrolls of remove curse {unknown}
 o - a scroll of amnesia {unknown}
 q - a scroll of fog {unknown}
Potions
 p - a potion of curing {unknown}
 s - a potion of degeneration {unknown}
Comestibles
 c - 5 rations
 r - a chunk of flesh


   Skills:
 + Level 4.2 Fighting
 + Level 4.1 Axes
 + Level 2.3 Armour
 + Level 2.2 Dodging
 + Level 1.5 Stealth


You had 4 spell levels left.
You didn't know any spells.

Dungeon Overview and Level Annotations

Branches:
Dungeon (4/15)
 Temple: D:4-7

Altars:

Annotations:
D:4 Menkaure; Trover's ghost, novice DsAK


Innate Abilities, Weirdness & Mutations

You are resistant to torment.
Your stone body is resilient. (AC +4)
You are immune to poison.
You resist negative energy. (rN+)
You are resistant to electric shocks. (rElec)
You can survive without breathing.
You are immune to petrification.
You are immune to rotting.


Message History

You barely miss Trover's ghost. You slash the ogre!
Space bends around the ogre.
Trover's ghost hits you. The ogre hits you but does no damage.
You hit the ogre.
Space bends around the ogre.
The ogre is severely wounded.
You barely miss Trover's ghost.
Trover's ghost hits you but does no damage.
The ogre barely misses you. Trover's ghost hits you.
You barely miss the ogre.
The ogre is severely wounded.
You closely miss Trover's ghost. The ogre closely misses you.
Trover's ghost hits you but does no damage. x2
You closely miss the ogre.
The ogre is severely wounded.
You barely miss Trover's ghost.
The ogre hits you with a giant spiked club!
Trover's ghost hits you but does no damage.
The ogre hits you with a giant spiked club!!
Ouch! That really hurt!
You die...

#...#####....
#...........
#..........
###...>...<. ..
.......... ...
#....!..# ....
.##.....WO##.........
.M......@....<.......
....................
##...............#
#.......##......###+##
#........##......##...#
#>....................#
#.....................+
##.......##...........#
##########[..........#


You could see an ogre, Menkaure and Trover's ghost.

Vanquished Creatures
  2 worker ants
  3 adders
  4 dart slugs (D:1)
  4 leopard geckos
  6 bats
  3 giant cockroaches
  8 goblins
  9 hobgoblins
  4 jackals (D:1)
  8 kobolds
  3 ball pythons
  A ball python skeleton (D:4)
  7 rats
62 creatures vanquished.

Vanquished Creatures (others)
  A kobold (D:3)
1 creature vanquished.

Grand Total: 63 creatures vanquished

Notes
Turn   | Place    | Note
-------+----------+-------------------------------------------
     0 | D:1      | Fang the Gargoyle Berserker began the quest for the Orb.
     0 | D:1      | Reached XP level 1. HP: 14/14 MP: 1/1
   138 | D:1      | Reached XP level 2. HP: 18/19 MP: 2/2
   420 | D:1      | Reached XP level 3. HP: 19/23 MP: 3/3
   658 | D:1      | Reached ** piety under Trog
  1158 | D:2      | Reached XP level 4. HP: 17/29 MP: 4/4
  1360 | D:2      | Reached skill level 1 in Stealth
  1982 | D:3      | Reached XP level 5. HP: 33/33 MP: 5/5
  2668 | D:4      | Noticed Menkaure
  2680 | D:4      | Noticed Trover's ghost (novice DsAK)
  2684 | D:4      | Noticed an ogre
  2688 | D:4      | Mangled by an ogre

Skill      XL: |  1  2  3  4 |
---------------+-------------+-----
Axes           | 3 4 |  4.1
Fighting       | 4 |  4.2
Stealth        | 1 |  1.5
Dodging        | 2 |  2.2
Armour         | |  2.3

Action                   |  1- 3 |  4- 6 || total
-------------------------+-------+-------++-------
Melee: Hand axe          |   122 |    65 ||   187
Invok: Berserk           |     2 |     1 ||     3
 Stab: Sleeping          |     3 |     2 ||     5
  Eat: Chunk             |     1 |     6 ||     7
Armor: Animal skin       |    38 |    32 ||    70
Dodge: Dodged            |    80 |    37 ||   117
